AoeStats
← _Orca_

Arabia

509799428Analyzed
4v4 RM · 3d ago on Sep 28, 2026· 29m 2s· 8 players
Game mode
Random Map
Map size
Large (8 player)
Population
200
Speed
Normal
Resources
Standard
Victory
Conquest
Starting age
Dark Age
Ending age
Imperial Age
RankedLock teamsTeams togetherTeam positionsShared explorationLock speedFull tech treeHidden civsTurbo modeCheats
Victory
Defeat
🇦🇷 Georgians · Argentina
1492
+10
🇦🇷 Ethiopians · Argentina
1489
+10
🇦🇷 Maya · Argentina
1245
+20
🇦🇷 Magyars · Argentina
1156
+24
🇧🇩 Khitans · Bangladesh
1388
-18
🇬🇹 Persians · Guatemala
1368
-17
🇲🇽 Varangians · Mexico
1339
-16
1281
-13
我的农田我的矿
7:01 Loom
9:55 Feudal Age
11:16 Double-Bit Axe
12:52 Horse Collar
19:38 Fletching
22:55 Padded Archer Armor
28:34 Castle Age
_Orca_
6:57 Loom
10:18 Feudal Age
16:13 Castle Age
14:43 Double-Bit Axe
15:21 Fletching
15:51 Domestication
19:30 Bodkin Arrow
24:19 Padded Archer Armor
Rubén_Wolfgang
7:01 Loom
9:48 Feudal Age
10:30 Double-Bit Axe
11:17 Horse Collar
14:29 Bloodlines
18:04 Forging
18:50 Scale Barding Armor
23:34 Castle Age
22:35 Gold Mining
23:37 Light Cavalry
24:17 Husbandry
24:38 Chain Barding Armor
26:14 Wheelbarrow
27:41 Heavy Plow
Itachi_+_+
6:27 Loom
8:49 Feudal Age
9:18 Double-Bit Axe
11:14 Horse Collar
21:06 Castle Age
19:18 Gold Mining
20:01 Forging
20:31 Bloodlines
21:04 Scale Barding Armor
21:34 Husbandry
22:44 Town Watch
26:16 Chain Barding Armor
29:33 Wheelbarrow
Gorri
6:35 Loom
9:16 Feudal Age
10:12 Double-Bit Axe
10:32 Horse Collar
19:28 Scale Barding Armor
23:26 Castle Age
22:45 Bloodlines
23:10 Gold Mining
23:32 Horse Collar
24:42 Chain Barding Armor
25:34 Bow Saw
26:17 Husbandry
JLoops
6:52 Loom
9:41 Feudal Age
10:13 Double-Bit Axe
12:08 Fletching
12:13 Horse Collar
20:19 Castle Age
19:01 Padded Archer Armor
18:59 Gold Mining
20:22 Crossbowman
20:58 Bodkin Arrow
21:15 Bow Saw
22:58 Ballistics
22:59 Town Watch
24:53 Thumb Ring
28:24 Leather Archer Armor
menos que Corky
0:31 Loom
9:11 Feudal Age
19:54 Fletching
22:57 Castle Age
21:46 Padded Archer Armor
23:59 Wheelbarrow
23:34 Bodkin Arrow
23:03 Crossbowman
25:57 Leather Archer Armor
Manco de élite
8:49 Feudal Age
9:41 Double-Bit Axe
10:30 Horse Collar
12:38 Loom
17:40 Wheelbarrow
20:33 Castle Age
19:14 Scale Barding Armor
19:28 Gold Mining
20:10 Bloodlines
21:08 Forging
22:33 Chain Barding Armor
25:30 Husbandry
26:14 Heavy Plow
Connection lost

Rejoining the realm…

Still unreachable

The connection could not be restored.

Session expired

The server has moved on; the page needs a fresh start.